 Dungeon Crawl Stone Soup version 0.18.1-1-g2f07953 (webtiles) character file.

81 adaszko the Cudgeler (level 4, -2/29 HPs)
             Began as a Gargoyle Berserker on May 7, 2016.
             Was a Believer of Trog.
             Killed by Freeze
             ... invoked by Potsanchik's ghost
              (9 damage)
             ... on level 3 of the Dungeon.
             The game lasted 00:12:16 (2174 turns).

adaszko the Cudgeler (Gargoyle Berserker)           Turns: 2174, Time: 00:12:17

Health: -2/29      AC: 10    Str: 22    XL:     4   Next: 42%
Magic:  4/4        EV: 11    Int:  7    God:    Trog [**....]
Gold:   63         SH:  0    Dex:  9    Spells: 0 memorised, 3 levels left

rFire  . . .     SeeInvis .     a - +0 mace
rCold  . . .     Gourm    .     g - +0 ring mail
rNeg   + . .     Faith    .     (no shield)
rPois  ∞         Spirit   .     G - +0 helmet
rElec  +         Dismiss  .     (no cloak)
rCorr  .         Reflect  .     (no gloves)
SustAt .         Harm     .     (no boots)
MR     .....                    (no amulet)
Stlth  +.........               (no ring)
                                B - ring of stealth

@: not resistant to hostile enchantments, very unstealthy
A: negative energy resistance 1, electricity resistance, unbreathing,
petrification resistance, rot immunity, AC +3
a: Berserk, Trog's Hand, Burn Spellbooks, Renounce Religion


You were on level 3 of the Dungeon.
You worshipped Trog.
Trog was pleased with you.
You were not hungry.

You visited 1 branch of the dungeon, and saw 3 of its levels.

You collected 63 gold pieces.

Inventory:

Hand Weapons
 a - a +0 mace (weapon)
 e - a +0 mace
 k - a +0 dagger
 H - a +3 short sword
Missiles
 f - 55 stones (quivered)
 j - 56 arrows
 n - 15 poisoned needles
 t - 11 sling bullets
Armour
 b - a +0 animal skin
 g - a +0 ring mail (worn)
 h - a +0 leather armour
 r - a +0 leather armour
 s - a +0 ring mail
 F - a +0 robe
 G - a +0 helmet (worn)
Jewellery
 B - a ring of stealth (left hand)
Wands
 u - a wand of teleportation (4/9)
Scrolls
 i - a scroll of noise
 l - 4 scrolls of identify
 o - 2 scrolls of remove curse
 p - a scroll of enchant armour {unknown}
 q - a scroll of enchant weapon {unknown}
 v - a scroll of blinking {unknown}
 x - a scroll of random uselessness {unknown}
Potions
 d - a potion of curing {unknown}
 m - a potion of agility {unknown}
Comestibles
 c - 4 bread rations
 A - 2 beef jerkies


   Skills:
 + Level 3.7 Fighting
 + Level 4.0 Maces & Flails
 + Level 2.6 Armour
 + Level 2.3 Dodging
 + Level 0.2 Stealth


You had 3 spell levels left.
You didn't know any spells.

Dungeon Overview and Level Annotations

Branches:
Dungeon (3/15)

Altars:
Gozag

Shops:
D:2 *

Annotations:
D:3 Potsanchik's ghost, amateur DEIE


Innate Abilities, Weirdness & Mutations

You are resistant to torment.
Your stone body is resilient (AC +3).
You are immune to poison.
You resist negative energy.
You are resistant to electric shocks.
You can survive without breathing.
You are immune to petrification.
You are immune to rotting.


Message History

Potsanchik's ghost (amateur Deep Elf Ice Elementalist) comes into view.
Potsanchik's ghost turns its malevolent gaze towards you.
You see here a scroll labeled BOCOXY UPIPPU.
Potsanchik's ghost screams, "You must not fail where I succeeded!"
You closely miss Potsanchik's ghost. Potsanchik's ghost misses you.
A jackal comes into view.
You closely miss Potsanchik's ghost.
Potsanchik's ghost points at you and mumbles some strange words.
You are frozen.
The jackal barks!
You thump Potsanchik's ghost!
Potsanchik's ghost is heavily damaged.
Potsanchik's ghost points at you and mumbles some strange words.
You are frozen.
* * * LOW HITPOINT WARNING * * *
You hit Potsanchik's ghost.
Potsanchik's ghost is heavily damaged.
Potsanchik's ghost points at you and mumbles some strange words.
You are frozen.
You die...

#. ..# .## #..#.. ..#
##..#..####.# .#
.........##.### #####.#
.......<......##.......
.^................h.....?
........†................
#........[.............#
#...........<..@W......#
#.............??.......#
.............".........#
#######................#
##.(............#
##.....##.........
##!#########..... #.#
..... #. ....


You could see Potsanchik's ghost and a jackal.

Vanquished Creatures
  3 adders
  An ooze (D:3)
  2 worms (D:2)
  A dart slug (D:1)
  A giant gecko (D:1)
  5 bats
  A giant cockroach (D:1)
  7 goblins
  5 hobgoblins
  8 kobolds
  2 giant newts
  6 rats
42 creatures vanquished.

Notes
Turn   | Place    | Note
--------------------------------------------------------------
     0 | D:1      | adaszko the Gargoyle Berserker began the quest for the Orb.
     0 | D:1      | Reached XP level 1. HP: 14/14 MP: 1/1
   166 | D:1      | Reached XP level 2. HP: 17/19 MP: 2/2
   721 | D:1      | Reached XP level 3. HP: 20/23 MP: 3/3
   918 | D:1      | Reached ** piety under Trog
  1404 | D:2      | Found an opulent altar of Gozag.
  1407 | D:2      | Found Gozag's Platinum Reserve.
  1557 | D:2      | Reached XP level 4. HP: 28/29 MP: 4/4
  2161 | D:3      | Reached skill level 4 in Maces & Flails
  2163 | D:3      | Noticed Potsanchik's ghost (amateur DEIE)
  2174 | D:3      | Killed from afar by Potsanchik's ghost

Skill      XL: |  1  2  3  4 |
---------------+-------------+-----
Dodging        | 2 |  2.3
Maces & Flails | 4 |  4.0
Fighting       | |  3.7
Armour         | |  2.6
Stealth        | |  0.2

Action                   |  1- 3 |  4- 6 || total
-------------------------+-------+-------++-------
Melee: Mace              |   119 |    52 ||   171
  Use: Scroll            |     4 |       ||     4
 Stab: Sleeping          |     2 |       ||     2
  Eat: Meat ration       |     1 |       ||     1
Armor: Animal skin       |    40 |       ||    40
       Ring mail         |     4 |    24 ||    28
Dodge: Dodged            |    78 |    46 ||   124
